General information
- name: BNet
- type: Ladder team game (AT/RT)
- host: Battle.net
- saver: HAHAHAHAHA
map: Battleground
- players: 8
- length: 40:21
- speed: Fast
- version: 1.26 W3XP
- replay type: Public
» download(290 KB)
Players
team 1 (loser)

»
AUDUSD (
blue | 49 APM | 1967 actions | 40:07)
7 Tauren Chieftain
2 War Stomp
3 Endurance Aura
2 Shockwave
2 Shadow Hunter
1 Healing Wave
1 Hex
» actions
| Assign group hotkey | 37 | |
| Basic commands | 44 | |
| Build / train | 67 | |
| ESC pressed | 2 | |
| Enter build submenu | 15 | |
| Enter hero's abilities submenu | 8 | |
| Give item / drop item | 8 | |
| Right click | 629 | |
| Select / deselect | 216 | |
| Select group hotkey | 864 | |
| Use ability | 76 | |
1967 total
» units
| Peon | 8 | |
| Troll Headhunter/Berserker | 5 | |
| Shaman | 2 | |
15 total
» upgrades
| Armor | 1 | |
| Troll Regeneration | 1 | |
| Shaman Training | 2 | |
| Berserker Upgrade | 1 | |
| Burning Oil | 1 | |
| Reinforced Defenses | 1 | |
7 total
» buildings
| Orc Burrow | 4 | |
| Altar of Storms | 1 | |
| War Mill | 1 | |
| Barracks | 2 | |
| Voodoo Lounge | 1 | |
| Stronghold | 1 | |
| Watch Tower | 3 | |
| Fortress | 4 | |
| Spirit Lodge | 1 | |
| Beastiary | 1 | |
19 total
» build order
00:11 Orc Burrow
00:40 Altar of Storms
01:28 War Mill
01:38 Barracks
01:42 Barracks
01:56 Orc Burrow
02:58 Orc Burrow
03:27 Voodoo Lounge
05:20 Stronghold
05:41 Watch Tower
08:04 Fortress
08:43 Spirit Lodge
09:12 Fortress
09:12 Fortress
09:13 Fortress
11:24 Orc Burrow
13:04 Beastiary
14:22 Watch Tower
14:33 Watch Tower
» items
| Healing Salve | 3 | |
| Scroll of Town Portal | 4 | |
| Lesser Clarity Potion | 2 | |
| Scroll of Speed | 1 | |
| Boots of Speed | 1 | |
| Periapt of Vitality | 1 | |
| Circlet of Nobility | 1 | |
| Orb of Lightning | 1 | |
| Tome of Retraining | 1 | |
15 total

»
Maverick2222 (
orange | 41 APM | 1423 actions | 34:39)
4 Keeper of the Grove
2 Force of Nature
2 Thorns Aura
3 Dark Ranger
1 Black Arrow
2 Life Drain
» actions
| Assign group hotkey | 33 | |
| Basic commands | 173 | |
| Build / train | 79 | |
| Enter build submenu | 27 | |
| Enter hero's abilities submenu | 7 | |
| Remove unit from queue | 7 | |
| Right click | 318 | |
| Select / deselect | 251 | |
| Select group hotkey | 463 | |
| Use ability | 65 | |
1423 total
» units
| Wisp | 18 | |
| Dryad | 14 | |
| Druid of the Claw | 3 | |
| Forest Troll Shadow Priest | 1 | |
| Mountain Giant | 1 | |
37 total
» upgrades
| Abolish Magic | 1 | |
| Druid of the Claw Training | 2 | |
| Strength of the Wild | 3 | |
| Reinforced Hides | 3 | |
| Mark of the Claw | 1 | |
| Hardened Skin | 1 | |
| Resistant Skin | 1 | |
| Nature's Blessing | 1 | |
13 total
» buildings
| Altar of Elders | 1 | |
| Moon Well | 6 | |
| Ancient of Wonders | 1 | |
| Hunter's Hall | 1 | |
| Tree of Ages | 3 | |
| Ancient Protector | 4 | |
| Ancient of Lore | 3 | |
| Tree of Eternity | 1 | |
20 total
» build order
00:17 Altar of Elders
00:36 Moon Well
01:08 Ancient of Wonders
01:33 Moon Well
02:10 Hunter's Hall
02:27 Moon Well
02:53 Tree of Ages
02:54 Tree of Ages
03:07 Moon Well
03:21 Ancient Protector
03:35 Ancient Protector
03:41 Ancient Protector
03:59 Ancient Protector
05:36 Ancient of Lore
05:39 Ancient of Lore
05:48 Ancient of Lore
07:16 Tree of Eternity
09:16 Moon Well
10:16 Moon Well
» items
| Dust of Appearance | 1 | |
| Scroll of Town Portal | 3 | |
| Scroll of Regeneration | 1 | |
5 total
EvilDarkLord (
pink | 51 APM | 2039 actions | 40:16)
10 Archmage
3 Summon Water Elemental
3 Brilliance Aura
3 Blizzard
1 Mass Teleport
» actions
| Assign group hotkey | 78 | |
| Basic commands | 134 | |
| Build / train | 95 | |
| Enter build submenu | 45 | |
| Enter hero's abilities submenu | 11 | |
| Give item / drop item | 9 | |
| Remove unit from queue | 1 | |
| Right click | 859 | |
| Select / deselect | 364 | |
| Select group hotkey | 265 | |
| Use ability | 178 | |
2039 total
» units
| Peasant | 12 | |
| Footman | 4 | |
| Gryphon Rider | 8 | |
24 total
» upgrades
| Lumber Harvesting | 2 | |
| Masonry | 3 | |
| Swords | 3 | |
| Armor | 3 | |
| Animal War Training | 1 | |
| Storm Hammers | 1 | |
| Magic Sentry | 1 | |
14 total
» buildings
| Altar of Kings | 1 | |
| Barracks | 1 | |
| Farm | 8 | |
| Scout Tower | 30 | |
| Arcane Tower | 2 | |
| Keep | 1 | |
| Arcane Vault | 2 | |
| Lumber Mill | 2 | |
| Guard Tower | 10 | |
| Gryphon Aviary | 3 | |
| Castle | 1 | |
| Blacksmith | 3 | |
| Town Hall | 2 | |
| Arcane Sanctum | 1 | |
67 total
» build order
00:51 Altar of Kings
00:53 Barracks
00:55 Farm
00:56 Farm
00:57 Farm
01:05 Farm
01:52 Farm
01:54 Scout Tower
02:27 Arcane Tower
03:35 Keep
03:48 Arcane Vault
03:55 Lumber Mill
07:15 Scout Tower
07:16 Scout Tower
07:18 Scout Tower
07:20 Scout Tower
07:22 Scout Tower
07:25 Scout Tower
07:51 Guard Tower
08:27 Gryphon Aviary
08:29 Guard Tower
08:47 Gryphon Aviary
08:49 Gryphon Aviary
08:55 Farm
08:56 Farm
08:59 Farm
09:11 Castle
10:05 Blacksmith
10:07 Blacksmith
10:11 Blacksmith
10:20 Lumber Mill
14:28 Scout Tower
14:28 Scout Tower
14:31 Town Hall
14:34 Scout Tower
14:35 Scout Tower
14:35 Scout Tower
14:36 Scout Tower
14:37 Scout Tower
14:37 Scout Tower
15:38 Guard Tower
16:10 Guard Tower
17:13 Arcane Sanctum
17:16 Scout Tower
17:17 Scout Tower
17:18 Scout Tower
17:18 Scout Tower
17:19 Scout Tower
17:19 Scout Tower
18:32 Arcane Tower
18:36 Guard Tower
20:46 Arcane Vault
30:26 Town Hall
30:30 Scout Tower
30:31 Scout Tower
30:31 Scout Tower
30:32 Scout Tower
30:36 Scout Tower
30:38 Scout Tower
30:38 Scout Tower
30:38 Scout Tower
30:39 Scout Tower
31:00 Guard Tower
31:01 Guard Tower
31:03 Guard Tower
31:40 Guard Tower
32:27 Guard Tower
» items
| Scroll of Regeneration | 5 | |
| Staff of Teleportation | 1 | |
| Periapt of Vitality | 2 | |
| Potion of Invisibility | 2 | |
| Tome of Retraining | 2 | |
| Potion of Healing | 3 | |
| Scroll of Town Portal | 3 | |
| Potion of Lesser Invulnerability | 1 | |
| Mechanical Critter | 4 | |
23 total
surge0njake (
red | 66 APM | 2643 actions | 40:20)
7 Mountain King
3 Storm Bolt
3 Bash
1 Avatar
» actions
| Assign group hotkey | 69 | |
| Basic commands | 25 | |
| Build / train | 79 | |
| Enter build submenu | 42 | |
| Enter hero's abilities submenu | 7 | |
| Give item / drop item | 1 | |
| Right click | 1222 | |
| Select / deselect | 317 | |
| Select group hotkey | 759 | |
| Use ability | 122 | |
2643 total
» units
| Peasant | 24 | |
| Rifleman | 8 | |
| Sorceress | 1 | |
| Mortar Team | 6 | |
39 total
» upgrades
| Masonry | 2 | |
| Gunpowder | 3 | |
| Long Rifles | 1 | |
| Sorceress Training | 1 | |
| Lumber Harvesting | 1 | |
8 total
» buildings
| Altar of Kings | 1 | |
| Farm | 27 | |
| Blacksmith | 1 | |
| Barracks | 2 | |
| Scout Tower | 9 | |
| Lumber Mill | 2 | |
| Arcane Tower | 1 | |
| Arcane Vault | 2 | |
| Town Hall | 1 | |
| Guard Tower | 8 | |
| Keep | 1 | |
| Castle | 1 | |
| Arcane Sanctum | 1 | |
| Workshop | 3 | |
60 total
» build order
00:09 Altar of Kings
00:20 Farm
00:57 Blacksmith
01:24 Barracks
01:40 Scout Tower
02:06 Barracks
02:23 Farm
02:27 Farm
02:47 Lumber Mill
03:21 Arcane Tower
03:25 Lumber Mill
03:38 Farm
03:51 Arcane Vault
05:34 Town Hall
05:37 Scout Tower
05:38 Scout Tower
05:38 Scout Tower
06:08 Guard Tower
07:07 Guard Tower
07:58 Guard Tower
08:15 Scout Tower
08:15 Scout Tower
08:45 Guard Tower
08:45 Guard Tower
09:05 Arcane Vault
10:52 Keep
11:25 Scout Tower
11:25 Scout Tower
11:27 Scout Tower
12:56 Guard Tower
13:25 Castle
18:46 Arcane Sanctum
20:16 Workshop
20:17 Workshop
21:05 Workshop
22:38 Farm
22:38 Farm
22:39 Farm
22:40 Farm
31:58 Farm
32:22 Farm
32:23 Farm
32:24 Farm
32:25 Farm
32:26 Farm
32:27 Farm
32:28 Farm
32:30 Farm
32:32 Farm
32:38 Farm
34:00 Farm
34:01 Farm
34:04 Farm
34:06 Farm
34:08 Farm
34:09 Farm
34:50 Farm
35:08 Farm
» items
| Scroll of Regeneration | 2 | |
| Lesser Clarity Potion | 2 | |
| Scroll of Town Portal | 4 | |
| Potion of Mana | 2 | |
| Orb of Fire | 1 | |
| Potion of Invisibility | 1 | |
| Staff of Teleportation | 1 | |
13 total
team 2 (winner)
practising (
purple | 148 APM | 4842 actions | 32:37)
5 Archmage
2 Summon Water Elemental
2 Brilliance Aura
1 Blizzard
2 Mountain King
1 Storm Bolt
1 Bash
3 Paladin
2 Holy Light
1 Divine Shield
» actions
| Assign group hotkey | 84 | |
| Basic commands | 476 | |
| Build / train | 72 | |
| Enter build submenu | 28 | |
| Enter hero's abilities submenu | 12 | |
| Give item / drop item | 2 | |
| Right click | 1653 | |
| Select / deselect | 745 | |
| Select group hotkey | 1565 | |
| Use ability | 204 | |
4842 total
» units
| Peasant | 12 | |
| Footman | 4 | |
| Spell Breaker | 5 | |
| Priest | 3 | |
| Knight | 5 | |
29 total
» upgrades
| Defend | 1 | |
| Masonry | 1 | |
| Priest Training | 2 | |
| Plating | 2 | |
| Animal War Training | 1 | |
7 total
» buildings
| Farm | 10 | |
| Altar of Kings | 1 | |
| Barracks | 1 | |
| Scout Tower | 10 | |
| Arcane Tower | 3 | |
| Keep | 1 | |
| Arcane Vault | 1 | |
| Lumber Mill | 1 | |
| Blacksmith | 1 | |
| Guard Tower | 4 | |
| Arcane Sanctum | 2 | |
| Castle | 1 | |
36 total
» build order
00:17 Farm
00:19 Altar of Kings
00:28 Barracks
00:59 Farm
01:45 Farm
02:02 Scout Tower
02:33 Arcane Tower
03:29 Keep
03:57 Arcane Vault
04:01 Farm
04:07 Lumber Mill
04:54 Blacksmith
05:10 Scout Tower
05:36 Scout Tower
05:38 Guard Tower
07:02 Guard Tower
07:07 Arcane Sanctum
07:52 Castle
08:04 Arcane Sanctum
08:13 Farm
08:14 Farm
08:18 Farm
08:19 Farm
11:10 Farm
14:47 Scout Tower
14:47 Scout Tower
14:49 Scout Tower
14:49 Scout Tower
14:50 Scout Tower
14:51 Scout Tower
14:52 Scout Tower
15:19 Guard Tower
15:19 Guard Tower
16:13 Farm
» items
| Scroll of Regeneration | 3 | |
| Lesser Clarity Potion | 1 | |
| Tome of Retraining | 1 | |
| Boots of Speed | 1 | |
| Potion of Lesser Invulnerability | 2 | |
| Staff of Sanctuary | 1 | |
9 total

»
Dabu (
green | 49 APM | 1068 actions | 21:58)
3 Blademaster
2 Wind Walk
1 Critical Strike
2 Shadow Hunter
1 Hex
1 Healing Wave
2 Naga Sea Witch
1 Frost Arrows
1 Forked Lightning
» actions
| Assign group hotkey | 34 | |
| Basic commands | 44 | |
| Build / train | 46 | |
| ESC pressed | 4 | |
| Enter build submenu | 28 | |
| Enter hero's abilities submenu | 7 | |
| Give item / drop item | 1 | |
| Right click | 287 | |
| Select / deselect | 260 | |
| Select group hotkey | 277 | |
| Use ability | 80 | |
1068 total
» units
| Peon | 10 | |
| Grunt | 1 | |
| Tauren | 3 | |
| Shaman | 2 | |
| Troll Witch Doctor | 3 | |
19 total
» upgrades
| Armor | 1 | |
| Berserker Strength | 1 | |
| Melee Weapons | 1 | |
| Shaman Training | 2 | |
| Witch Doctor Training | 3 | |
| Pulverize | 1 | |
| Reinforced Defenses | 1 | |
10 total
» buildings
| Orc Burrow | 7 | |
| Altar of Storms | 1 | |
| Barracks | 2 | |
| War Mill | 1 | |
| Stronghold | 1 | |
| Voodoo Lounge | 1 | |
| Watch Tower | 7 | |
| Fortress | 1 | |
| Spirit Lodge | 3 | |
| Tauren Totem | 2 | |
| Great Hall | 1 | |
27 total
» build order
00:20 Orc Burrow
00:35 Altar of Storms
01:09 Barracks
01:46 Barracks
02:01 War Mill
02:49 Orc Burrow
02:51 Stronghold
03:36 Voodoo Lounge
03:57 Watch Tower
04:51 Orc Burrow
04:53 Watch Tower
04:57 Watch Tower
05:44 Fortress
06:57 Spirit Lodge
07:02 Spirit Lodge
07:07 Spirit Lodge
08:07 Tauren Totem
08:08 Tauren Totem
08:16 Orc Burrow
09:32 Orc Burrow
11:42 Orc Burrow
12:48 Watch Tower
13:04 Watch Tower
13:59 Orc Burrow
14:08 Watch Tower
14:16 Watch Tower
16:40 Great Hall
» items
| Healing Salve | 3 | |
| Scroll of Speed | 1 | |
4 total

»
twighlight_zone (
yellow | 45 APM | 1649 actions | 36:46)
4 Death Knight
2 Death Coil
2 Unholy Aura
» actions
| Basic commands | 2 | |
| Build / train | 93 | |
| Enter build submenu | 30 | |
| Enter hero's abilities submenu | 4 | |
| Remove unit from queue | 1 | |
| Right click | 1116 | |
| Select / deselect | 346 | |
| Use ability | 57 | |
1649 total
» units
| Acolyte | 31 | |
| Ghoul | 5 | |
| Gargoyle | 23 | |
| Ogre Mauler | 3 | |
| Mud Golem | 3 | |
| Frost Wyrm | 2 | |
67 total
» upgrades
| Creature Attack | 3 | |
| Creature Carapace | 3 | |
| Freezing Breath | 1 | |
7 total
» buildings
| Crypt | 4 | |
| Ziggurat | 8 | |
| Altar of Darkness | 2 | |
| Graveyard | 1 | |
| Tomb of Relics | 1 | |
| Halls of the Dead | 1 | |
| Spirit Tower | 7 | |
| Black Citadel | 1 | |
| Necropolis | 1 | |
| Sacrificial Pit | 1 | |
| Boneyard | 2 | |
29 total
» build order
00:10 Crypt
00:23 Ziggurat
00:55 Altar of Darkness
01:00 Altar of Darkness
01:16 Graveyard
01:21 Ziggurat
01:52 Tomb of Relics
02:49 Halls of the Dead
03:36 Crypt
04:06 Crypt
04:09 Crypt
04:24 Ziggurat
04:52 Ziggurat
06:57 Spirit Tower
07:32 Black Citadel
08:02 Spirit Tower
11:27 Ziggurat
12:41 Spirit Tower
23:27 Ziggurat
23:33 Ziggurat
26:11 Necropolis
26:24 Sacrificial Pit
27:52 Spirit Tower
28:01 Spirit Tower
31:34 Ziggurat
34:39 Boneyard
34:42 Boneyard
» items
| Potion of Healing | 1 | |
| Scroll of Town Portal | 1 | |
| Scroll of Protection | 1 | |
| Potion of Lesser Invulnerability | 1 | |
| Scroll of Healing | 1 | |
5 total
HAHAHAHAHA (
teal | 106 APM | 4261 actions | 40:21)
8 Mountain King
3 Storm Bolt
3 Thunder Clap
1 Avatar
1 Bash
» actions
| Assign group hotkey | 336 | |
| Basic commands | 134 | |
| Build / train | 259 | |
| ESC pressed | 16 | |
| Enter build submenu | 46 | |
| Enter hero's abilities submenu | 8 | |
| Give item / drop item | 14 | |
| Remove unit from queue | 1 | |
| Right click | 1618 | |
| Select / deselect | 429 | |
| Select group hotkey | 1127 | |
| Use ability | 273 | |
4261 total
» units
| Peasant | 18 | |
| Footman | 5 | |
| Rifleman | 24 | |
47 total
» upgrades
| Gunpowder | 3 | |
| Armor | 3 | |
| Long Rifles | 1 | |
| Masonry | 3 | |
| Lumber Harvesting | 2 | |
12 total
» buildings
| Altar of Kings | 1 | |
| Barracks | 2 | |
| Farm | 6 | |
| Arcane Vault | 3 | |
| Blacksmith | 1 | |
| Lumber Mill | 1 | |
| Keep | 5 | |
| Castle | 4 | |
| Town Hall | 2 | |
| Scout Tower | 47 | |
| Guard Tower | 121 | |
| Arcane Tower | 13 | |
206 total
» build order
00:54 Altar of Kings
00:56 Barracks
00:58 Farm
01:04 Farm
01:06 Farm
01:49 Arcane Vault
01:52 Arcane Vault
02:21 Farm
02:36 Blacksmith
03:05 Farm
03:58 Lumber Mill
04:36 Keep
04:37 Keep
04:37 Keep
05:05 Farm
07:55 Castle
07:56 Castle
07:56 Castle
08:02 Barracks
10:27 Town Hall
10:29 Scout Tower
10:30 Scout Tower
10:32 Scout Tower
10:33 Scout Tower
10:35 Scout Tower
10:37 Scout Tower
10:39 Scout Tower
10:42 Scout Tower
10:44 Scout Tower
10:46 Scout Tower
10:48 Scout Tower
10:50 Scout Tower
10:52 Scout Tower
11:05 Guard Tower
11:06 Guard Tower
11:06 Guard Tower
11:11 Guard Tower
11:26 Guard Tower
11:26 Guard Tower
11:26 Guard Tower
11:33 Guard Tower
11:34 Guard Tower
11:34 Guard Tower
11:34 Guard Tower
11:41 Guard Tower
11:42 Guard Tower
11:42 Guard Tower
12:23 Guard Tower
12:23 Guard Tower
12:24 Guard Tower
12:24 Guard Tower
12:24 Guard Tower
12:28 Guard Tower
12:29 Guard Tower
12:29 Guard Tower
12:29 Guard Tower
12:29 Guard Tower
15:03 Scout Tower
15:03 Scout Tower
15:05 Scout Tower
15:07 Scout Tower
15:07 Scout Tower
15:08 Scout Tower
15:10 Scout Tower
15:10 Scout Tower
15:11 Scout Tower
15:12 Scout Tower
15:13 Scout Tower
15:14 Scout Tower
15:18 Scout Tower
15:19 Scout Tower
15:48 Guard Tower
15:48 Guard Tower
15:49 Guard Tower
16:16 Guard Tower
16:17 Guard Tower
16:17 Guard Tower
16:29 Guard Tower
16:30 Guard Tower
16:30 Guard Tower
16:48 Guard Tower
16:48 Guard Tower
16:49 Guard Tower
17:33 Guard Tower
17:33 Guard Tower
17:33 Guard Tower
17:34 Guard Tower
18:09 Guard Tower
18:09 Guard Tower
18:09 Guard Tower
18:10 Guard Tower
18:10 Guard Tower
18:11 Guard Tower
18:11 Guard Tower
18:12 Guard Tower
19:08 Guard Tower
19:08 Guard Tower
19:09 Guard Tower
23:07 Scout Tower
23:39 Scout Tower
23:41 Scout Tower
24:34 Arcane Tower
24:34 Arcane Tower
24:34 Arcane Tower
26:30 Town Hall
26:49 Scout Tower
26:50 Scout Tower
26:50 Scout Tower
26:51 Scout Tower
26:52 Scout Tower
26:53 Scout Tower
26:54 Scout Tower
26:55 Scout Tower
26:55 Scout Tower
26:55 Scout Tower
26:56 Scout Tower
26:57 Scout Tower
26:57 Scout Tower
26:58 Scout Tower
26:59 Scout Tower
27:17 Guard Tower
27:17 Guard Tower
27:43 Guard Tower
27:43 Guard Tower
27:43 Guard Tower
27:43 Guard Tower
27:48 Guard Tower
27:48 Guard Tower
27:49 Guard Tower
27:49 Guard Tower
27:50 Guard Tower
27:53 Guard Tower
27:53 Guard Tower
27:56 Guard Tower
27:56 Guard Tower
27:56 Guard Tower
27:58 Arcane Tower
27:58 Arcane Tower
28:00 Arcane Tower
28:00 Arcane Tower
28:00 Arcane Tower
28:13 Guard Tower
28:14 Guard Tower
28:20 Arcane Vault
28:21 Guard Tower
28:22 Guard Tower
28:22 Guard Tower
28:27 Scout Tower
29:07 Guard Tower
29:08 Guard Tower
29:08 Guard Tower
29:51 Scout Tower
30:18 Guard Tower
30:18 Guard Tower
» items
| Scroll of Regeneration | 11 | |
| Lesser Clarity Potion | 10 | |
| Boots of Speed | 1 | |
| Staff of Teleportation | 1 | |
| Scroll of Town Portal | 4 | |
| Orb of Corruption | 1 | |
28 total
Chat log
(00:12 / All) EvilDarkLord: You're so fucking weak, you disgust me
(00:13 / All) HAHAHAHAHA: What's your favourite episode of The Twilight Zone yellow?
(00:19 / All) EvilDarkLord: It's a drag when you bring me down
(00:20 / All) HAHAHAHAHA: woot battleground
(00:28 / All) EvilDarkLord: And all the things that you say? No one cares anyway
(00:31 / All) EvilDarkLord: But then you gotta deal with me
(00:38 / All) EvilDarkLord: YOU STEP B ACK!
(00:40 / All) EvilDarkLord: YOU STEP BACK!
(00:46 / All) EvilDarkLord: ORRRRR YOU FALL DOWN!
(00:46 / All) HAHAHAHAHA: No one cares what they say, NOW IT'S TIME FOR THEM TO PAY!
(00:50 / All) HAHAHAHAHA: BAHAHAHAHAHA!
(00:52 / All) HAHAHAHAHA: HAHAHAHAHA!
(01:10 / All) surge0njake: i do not know what is going on
(01:26 / All) HAHAHAHAHA: SURGEON JAKE IS GONNA PERFORM A BACK ALLEY SURGERY ON YOU ALL AND RIP OUT EVERYONE'S ENTRAILS
(01:27 / All) EvilDarkLord: I see through the lies to the bottom of your eyes
(01:28 / All) HAHAHAHAHA: HAHAHAHAHAHAHA
(01:32 / All) EvilDarkLord: Your fake charisma pulls you through
(01:35 / Allies) Dabu: we got this
(01:39 / Allies) practising: im being drop hacked
(01:42 / All) EvilDarkLord: And the house of cards that you built on that cheap shot guilt
(01:43 / Allies) HAHAHAHAHA: HAHAHAHAHAHA
(01:45 / All) surge0njake: worst movie line ever?
(01:55 / All) surge0njake: for me its, "FROM MY POINT OF VIEW THE JEDI ARE EVIL"
(02:15 / All) EvilDarkLord: You're pathetic and you're weka, you're a fake and you lie
(02:19 / All) EvilDarkLord: I'd like to crush you like an insect
(02:23 / All) EvilDarkLord: but I don't want to do the time
(02:31 / All) surge0njake: purpleeeeeeeeeeee
(02:32 / All) HAHAHAHAHA: PRACTICE UPGRADING YOUR INTERNET FGT
(02:33 / All) surge0njake: cmon bro
(02:33 / All) EvilDarkLord: You do really wanna confront me?
(02:37 / All) EvilDarkLord: Do you really wanna deal with me?
(02:40 / All) practising: stop drop hacking!
(02:42 / All) EvilDarkLord: NOOOOOOOOOOO
(02:43 / All) practising: oh well
(02:45 / All) EvilDarkLord: I REALLY DON'T THINK SO
(02:45 / All) practising: im out
(03:33 / All) EvilDarkLord: DO YOU REALLY WANNA FUCK WITH ME?
(04:34 / All) HAHAHAHAHA: FUUUUUUUCK +6 AGI BOOTS AS HUMAN
(07:26 / Allies) Dabu: coming
(07:43 / Allies) practising: b
(09:15 / Allies) practising: thanks
(09:44 / All) EvilDarkLord: Orange doesn't be fart knocker = I'd be really close to level 5
(10:01 / Allies) Dabu: b
(10:52 / Allies) practising: teal keep scroll of town portal
(10:59 / Allies) Dabu: ok
(11:12 / Allies) twighlight_zone: stop creeping they keep hittin me
(12:41 / Allies) Dabu: coming
(16:07 / Allies) HAHAHAHAHA: yellow and purp both taking it?
(16:17 / Allies) practising: I build towers to take it
(16:21 / Allies) practising: yellow apparently didn't realize
(16:26 / Allies) HAHAHAHAHA: kill it
(16:38 / Allies) twighlight_zone: we lost anyhow
(16:46 / Allies) Dabu: no we didnt
(16:54 / Allies) HAHAHAHAHA: what's your favourite twilight zone episode
(17:03 / All) HAHAHAHAHA: I'll have you know yellow I am the real curator of the Twilight Zone, the great Rod Serling
(17:51 / All) EvilDarkLord: pretty good surround
(18:31 / Allies) Dabu: anyone have 100g for salv?
(18:40 / Allies) HAHAHAHAHA: I don't
(18:40 / Allies) Dabu: ty
(18:44 / Allies) Dabu: np
(19:16 / Allies) practising: teal
(19:19 / Allies) practising: why are you hoarding gold
(19:27 / Allies) HAHAHAHAHA: I have debts to pay at the bank
(19:28 / Allies) Dabu: yea share plz
(19:29 / Allies) Dabu: ^_^
(19:31 / Allies) HAHAHAHAHA: I'm saving up 10k so I can pay them back
(19:31 / Allies) Dabu: fuck the banks
(19:34 / Allies) Dabu: fuck the bank
(19:35 / Allies) Dabu: s
(19:42 / Allies) Dabu: we should all be robbing the banks blind
(19:43 / Allies) Dabu: fuck em
(19:44 / Allies) Dabu: lol
(19:56 / Allies) HAHAHAHAHA: I can't do that bro
(20:02 / Allies) HAHAHAHAHA: The banks are owned by all the same people
(20:02 / Allies) practising: yello
(20:03 / Allies) Dabu: they not gonna send u to jail
(20:04 / Allies) practising: wtf
(20:06 / Allies) HAHAHAHAHA: I gotta pay back the Rothschilds
(20:07 / Allies) practising: you only have 3 acos on mine
(20:14 / Allies) Dabu: FUCK THE ROTHSCHILDS
(20:17 / Allies) Dabu: they gonna die too
(20:19 / Allies) HAHAHAHAHA: if I can raise 10k then I'll give everyone gold
(20:22 / Allies) HAHAHAHAHA: I need to pay my debt first
(20:22 / Allies) Dabu: ok
(20:37 / All) EvilDarkLord: It's just a raccoon, yellow
(20:38 / All) EvilDarkLord: Jeez
(20:50 / All) surge0njake: LOL
(21:08 / Allies) practising: lol
(21:10 / Allies) practising: im out
(21:11 / All) practising: Gg wp
(21:11 / All) HAHAHAHAHA: ORANGE MADE A MOUNTAIN GIANT LOL
(22:37 / Allies) HAHAHAHAHA: If you give me gold I can get to 10,000 and pay my debt to the Rothschilds faster and then loan off to you guys
(22:44 / Allies) practising: no fuck you
(22:49 / Allies) HAHAHAHAHA: Hey, just offering man
(22:55 / Allies) HAHAHAHAHA: That isn't a way to get me to give gold when the time comes either
(23:28 / Allies) practising: more gargs yellow
(24:21 / All) AUDUSD: I know you two again
(24:27 / All) surge0njake: LOL
(24:41 / All) surge0njake: if it isnt the australian nigger
(24:45 / All) AUDUSD: You dont need to hide
(24:57 / All) HAHAHAHAHA: FREE DRYADS WOOT
(25:37 / Allies) practising: yellow
(25:39 / All) AUDUSD: Those two cunts will TK you later
(25:43 / Allies) practising: you need to target the air with your gargs
(25:54 / Allies) HAHAHAHAHA: Agreed, you need to do that yellow
(26:21 / All) AUDUSD: PINK and RED normalyy in diferent team
(26:37 / All) AUDUSD: PINK and REd TK every teammate
(26:46 / All) practising: tehn tk him first
(26:48 / All) EvilDarkLord: I didn't tk anyone
(26:55 / All) AUDUSD: OJ
(27:01 / All) AUDUSD: back to base
(27:10 / All) AUDUSD: Let them get killed
(27:27 / All) AUDUSD: You will get TKed later for sure
(27:36 / All) surge0njake: silence worm
(29:06 / Allies) practising: gold for am?
(29:45 / All) HAHAHAHAHA: Purple is a tker
(29:48 / All) HAHAHAHAHA: Just killed a tower of mine
(29:49 / All) AUDUSD: I will wait and see how PINK and REd TK
(29:56 / All) HAHAHAHAHA: Tk purple
(29:57 / All) practising: blue
(30:02 / All) practising: They are all tkers
(30:04 / All) practising: Teal is a troll
(30:07 / All) HAHAHAHAHA: Purp must be one of the tkers you spoke of blue
(30:08 / All) practising: I will try to help you win
(30:10 / All) HAHAHAHAHA: he killed my fucking tower
(30:18 / All) AUDUSD: I can see
(30:27 / All) HAHAHAHAHA: tk purple
(30:28 / All) HAHAHAHAHA: kill purple
(30:34 / All) surge0njake: LOL
(30:39 / All) HAHAHAHAHA: kill purple
(30:41 / All) HAHAHAHAHA: he is a tker
(30:41 / All) surge0njake: audusd claims we waste our time
(31:28 / All) practising: oj im coming to feed you
(31:32 / All) practising: best take all the exp
(31:37 / All) EvilDarkLord: Why has blue been insulting me, what did I ever do to him?
(31:38 / All) HAHAHAHAHA: he's a tker
(31:56 / All) practising: oj dont let pink take exp
(32:00 / All) practising: he will tk you
(32:05 / All) EvilDarkLord: People are prejudiced against me simply because I'm a dark lord and I'm evil
(32:34 / All) practising: gl yellow im out
(32:59 / All) AUDUSD: Lets see how Yellow and OJ get TKed
(33:07 / All) HAHAHAHAHA: Purple was the tk
(33:09 / All) HAHAHAHAHA: he is dealt with
(33:11 / All) AUDUSD: lol
(33:15 / All) EvilDarkLord: *Unseathes katana*
(33:20 / All) EvilDarkLord: I don't want any trouble, do you yellow?
(33:30 / All) surge0njake: into the cage
(33:31 / All) surge0njake: audusd
(33:32 / All) surge0njake: or u die
(33:41 / All) surge0njake: ill let u live
(34:13 / All) EvilDarkLord: Whoops
(34:13 / All) HAHAHAHAHA: Orange was a maverick
(34:15 / All) HAHAHAHAHA: Glad he's dead now
(34:27 / All) AUDUSD: see
(34:30 / All) HAHAHAHAHA: Here in the maverick chamber, disapproval came to play
(34:32 / All) AUDUSD: OJ is getting TKed
(34:35 / All) AUDUSD: as I said
(34:36 / All) AUDUSD: lol
(34:50 / All) AUDUSD: Pink
(34:55 / All) AUDUSD: KILL my hero
(35:24 / Allies) twighlight_zone: teal loan me gold for frosts
(35:43 / All) AUDUSD: Free exp teal
(35:51 / All) AUDUSD: you are a cunt too
(35:52 / Allies) twighlight_zone: teal move
(35:55 / Allies) HAHAHAHAHA: I'm about 10,00 gold but I'm afraid the Rothschilds have raised it to 20,000
(35:56 / All) surge0njake: lol
(36:05 / Allies) HAHAHAHAHA: Give me gold and if I get to 20,000 I give you gold
(36:12 / All) HAHAHAHAHA: yellow is a tker
(36:17 / All) HAHAHAHAHA: he killed my rifle
(36:19 / All) EvilDarkLord: Maybe if you weren't so quick to throw around insults people wouldn't TK you
(36:24 / All) HAHAHAHAHA: YELLOW TK
(36:26 / All) HAHAHAHAHA: KILL YELLOW
(36:28 / All) HAHAHAHAHA: YELLOW EXPO MID LEFT
(36:32 / All) HAHAHAHAHA: YELLOW EXPO BOT LEFT AT OLD BASE
(36:34 / All) HAHAHAHAHA: FUCKING TK
(36:43 / All) HAHAHAHAHA: KILL THE MOTHERFUCKER TKER
(36:57 / All) HAHAHAHAHA: fucking tks on my team
(37:02 / All) HAHAHAHAHA: purp and yellow were tk
(37:14 / All) HAHAHAHAHA: rip in peace that rifleman who i will never get back
(37:19 / All) HAHAHAHAHA: the families 2will rememebr his brave deeds
(37:22 / All) HAHAHAHAHA: for he is now slain
(37:27 / All) surge0njake: once again audusd is left standing
(37:29 / All) surge0njake: our rival
(37:33 / All) HAHAHAHAHA: He ain't a rival
(37:37 / All) HAHAHAHAHA: That implies he puts up a fight
(38:24 / All) EvilDarkLord: Aw
(38:25 / All) HAHAHAHAHA: that was free xp bro
(38:38 / All) EvilDarkLord: oh
(38:42 / All) EvilDarkLord: your team is all gone
(38:46 / All) HAHAHAHAHA: yeah lawl
(39:05 / All) surge0njake: thank u audusd
(39:08 / All) surge0njake: much obliged
(39:17 / All) AUDUSD: NP jreks
(39:20 / All) HAHAHAHAHA: jreks
(39:21 / All) HAHAHAHAHA: jreks
(39:22 / All) HAHAHAHAHA: jreks
(39:23 / All) HAHAHAHAHA: jreks
(39:24 / All) HAHAHAHAHA: jreks
(39:34 / All) AUDUSD: see you guys next round
(39:36 / All) HAHAHAHAHA: ON AND ON, AND ON AND ON, WE GO!
(39:37 / All) surge0njake: hes from australian
(39:38 / All) AUDUSD: That was FUN
(39:39 / All) HAHAHAHAHA: AND WHAT COMES NEXT I DON
(39:41 / All) HAHAHAHAHA: T RIGHLY KNOW!
(40:11 / All) EvilDarkLord: he lose
(40:12 / All) HAHAHAHAHA: Good he makes it easy on us